 Dungeon Crawl Stone Soup version 0.29.0-4-gdea44cf6ec (webtiles) character file.

Game seed: 12532904437631859220

48 qw the Chopper (level 3, 0/21 HPs)
             Began as a Tengu Warper on Aug 28, 2022.
             Slain by a gnoll
             ... wielding a +0 spear
              (2 damage)
             ... on level 2 of the Dungeon.
             The game lasted 00:00:08 (1523 turns).

qw the Chopper (Tengu Warper)                       Turns: 1523, Time: 00:00:09

Health: 0/21       AC:  3    Str: 13    XL:     3   Next: 72%
Magic:  7/7        EV: 12    Int: 13    God:
Gold:   773        SH:  0    Dex: 13    Spells: 6/6 levels left

rFire   . . .      SeeInvis .   Y - +0 hand axe
rCold   . . .      Faith    .   (no shield)
rNeg    . . .      Spirit   .   b - +0 leather armour
rPois   .          Reflect  .   (helmet restricted)
rElec   .          Harm     .   (no cloak)
rCorr   .          Rampage  .   (no gloves)
Will    .....                   (boots unavailable)
Stlth   +.........              (no amulet)
HPRegen 0.07/turn               (no ring)
MPRegen 0.10/turn               (no ring)

@: no status effects
A: beak, talons 3
a: no special abilities


You were on level 2 of the Dungeon.
You visited 1 branch of the dungeon, and saw 2 of its levels.

You collected 773 gold pieces.


Innate Abilities, Weirdness & Mutations

You have a beak for a mouth.
You have claws for feet.


   Skills:
 - Level 2.0 Fighting
 + Level 4.3 Axes
 - Level 1.0 Throwing
 - Level 1.1 Armour
 - Level 2.1 Dodging
 - Level 2.0 Spellcasting
 - Level 2.4 Translocations


You had 6 spell levels left.
You didn't know any spells.
Your spell library contained the following spells:

 Spells                   Type           Power      Damage    Failure   Level
 Blink                    Tloc           14%        N/A       19%         2
 Gell's Gravitas          Tloc           7%         N/A       36%         3
 Lesser Beckoning         Tloc           7%         N/A       36%         3
 Teleport Other           Tloc           7%         N/A       36%         3
 Manifold Assault         Tloc           7%         N/A       98%         5

Inventory:

Hand Weapons
 d - a +0 whip of draining
 Y - a +0 hand axe (weapon)
Missiles
 f - 5 javelins (quivered)
Armour
 b - a +0 leather armour (worn)
Potions
 c - a potion of curing
 e - a potion of attraction {unknown}
 g - a potion of invisibility {unknown}

Dungeon Overview and Level Annotations

Branches:
Dungeon (2/15)

Altars:


Message History

A goblin comes into view. It is wielding a +0 dagger.
The goblin shouts!
You hear a shout!
The goblin moves out of view.
Throw: 6 javelins
Press: ? - help, Q - select action Shift-Dir - straight line, f - goblin You throw a javelin.
The javelin barely misses the goblin.
You hit the goblin.
You kill the goblin!
You see here a +0 dagger.
A rat comes into view.
1513 ||| Stepping ~*~*~tactically~*~*~ (stealth).
A gnoll comes into view. It is wielding a +0 spear.
The rat barely misses you.
You closely miss the rat. You claw the rat, but do no damage.
Your peck misses the rat. The rat bites you but does no damage.
You hit the rat but do no damage. Your kick misses the rat. The rat misses you.
A gnoll comes into view. It is wielding a +0 whip.
You closely miss the rat.
The gnoll shouts!
Your kick misses the rat. The rat barely misses you.
The rat closely misses you.
The gnoll hits you from afar with a +0 spear.
You hit the rat.
You kill the rat!
The gnoll hits you from afar with a +0 spear.
A gnoll comes into view. It is wielding a +0 spear.
The gnoll shouts!
The gnoll closely misses you.
You hit the gnoll but do no damage. Your kick misses the gnoll.
You hit the gnoll. You claw the gnoll. You peck the gnoll, but do no damage.
The gnoll is moderately wounded.
You barely miss the gnoll. The gnoll closely misses you.
The gnoll hits you with a +0 spear!
You barely miss the gnoll. You peck the gnoll.
The gnoll is heavily wounded.
You barely miss the gnoll. The gnoll hits you with a +0 spear.
You die...

..# #.## ...#
... #.. #.#
#.# .
#####.####....
#.)...@.g.....
#.###.gg......
#.# #######.##
##.# #..# #.##
#.# #.# ###
#.# .# #.# #..
..# #..


You could see 3 gnolls.

Vanquished Creatures
  An adder (D:2)
  An endoplasm (D:1)
  A giant cockroach (D:2)
  7 goblins
  4 hobgoblins (D:1)
  2 quokkas
  6 ball pythons (D:1)
  6 bats
  6 kobolds
  4 rats
38 creatures vanquished.

Notes
Turn   | Place    | Note
-------+----------+-------------------------------------------
     0 | D:1      | qw the Tengu Warper began the quest for the Orb.
     0 | D:1      | Reached XP level 1. HP: 12/12 MP: 4/4
     0 | D:1      | 0 ||| qw: Version: 0.1-a-89-g26bdef1
     0 | D:1      | 0 ||| qw: Game counter: 660
     0 | D:1      | 0 ||| qw: Always use a shield: true
     0 | D:1      | 0 ||| qw: God list: Okawaru
     0 | D:1      | 0 ||| qw: Allow faded altars: false
     0 | D:1      | 0 ||| qw: Do Orc after D:15 true
     0 | D:1      | 0 ||| qw: Do second Lair branch before Depths: true
     0 | D:1      | 0 ||| qw: Lair rune preference: random
     0 | D:1      | 0 ||| qw: Plans: Normal
     0 | D:1      | 0 ||| PLANNING D:1-11
   117 | D:1      | You fall into a shaft and drop 1 floor!
   121 | D:2      | 121 ||| Stepping ~*~*~tactically~*~*~ (stealth).
   130 | D:2      | Reached XP level 2. HP: 9/17 MP: 6/6
   131 | D:2      | Reached skill level 3 in Axes
   590 | D:2      | 590 ||| DROPPING +0 club.
   596 | D:2      | 596 ||| READING scroll labelled CEKOLO TEAXUZASI.
   596 | D:2      | Identified a scroll of acquirement
   596 | D:2      | 596 ||| ACQUIRING 659 gold pieces
   596 | D:2      | Acquired 659 gold pieces
   598 | D:2      | 598 ||| DROPPING scroll of blinking.
   635 | D:1      | 635 ||| Stepping ~*~*~tactically~*~*~ (stealth).
   648 | D:1      | 648 ||| Stepping ~*~*~tactically~*~*~ (stealth).
   650 | D:1      | 650 ||| Stepping ~*~*~tactically~*~*~ (stealth).
   656 | D:1      | Reached XP level 3. HP: 21/21 MP: 7/7
   860 | D:1      | 860 ||| Stepping ~*~*~tactically~*~*~ (stealth).
   946 | D:1      | Reached skill level 4 in Axes
  1406 | D:1      | 1406 ||| Stepping ~*~*~tactically~*~*~ (stealth).
  1431 | D:1      | 1431 ||| READING scroll labelled GUR UVVUGORR.
  1432 | D:1      | 1432 ||| DRINKING 2 amethyst potions.
  1433 | D:1      | 1433 ||| DRINKING 2 black potions.
  1434 | D:1      | 1434 ||| DROPPING potion of flight.
  1513 | D:2      | 1513 ||| Stepping ~*~*~tactically~*~*~ (stealth).
  1522 | D:2      | HP: 1/21 [gnoll/+0 spear (9)]
  1523 | D:2      | Slain by a gnoll

Levels and vault maps discovered:
D:1:      scummos_arrival_hexagon, layout_basic
D:2:      layout_loops_ring, item_on_display_a

Skill      XL: |  1  2  3 |
---------------+----------+-----
Axes           | 3 4 |  4.3
Fighting       | |  2.0
Throwing       | |  1.0
Armour         | |  1.1
Dodging        | |  2.1
Spellcasting   | |  2.0
Translocations | |  2.4

Action                   || total
-------------------------++-------
Melee: Hand axe          ||    71
       Kick              ||    13
       Peck              ||     7
Throw: Boomerang         ||     7
       Javelin           ||    11
  Use: Scroll            ||     2
       Potion            ||     2
Armor: Leather armour    ||    14
Dodge: Dodged            ||    42

Table legend:
 A = Non-vault XP
 B = Vault XP
 C = Vault XP percentage of total XP
 D = Non-vault monster count
 E = Vault monster count
 F = Vault count percentage of total count
                 A         B        C        D         E       F
            +---------+---------+-------+---------+---------+-------
      Total |      69 |       0 |   0.0 |      38 |       0 |   0.0
            +---------+---------+-------+---------+---------+-------
        D:1 |      44 |       0 |   0.0 |      29 |       0 |   0.0
        D:2 |      25 |       0 |   0.0 |       9 |       0 |   0.0
            +---------+---------+-------+---------+---------+-------
